 Dungeon Crawl Stone Soup version 0.30.1-3-gfc49f6343a (webtiles) character file.

Game seed: 12449077953705912969

263214 spardeous the Geomancer (level 18, -2/146 HPs)
             Began as a Demigod Conjurer on July 30, 2023.
             Slain by an apocalypse crab (10 damage)
             ... in a wizard's laboratory on July 31, 2023.
             The game lasted 02:30:05 (56533 turns).

spardeous the Geomancer (Demigod Conjurer)         Turns: 56533, Time: 02:30:08

Health: -2/146     AC: 14    Str: 26    XL:     18   Next: 54%
Magic:  2/40       EV: 10    Int: 48    God:
Gold:   1210       SH: 20    Dex:  6    Spells: 3/43 levels left

rFire   + . .        i - +10 scimitar of the Brain {flame, *Noise Int+7}
rCold   + . .        x - +0 tower shield
rNeg    . . .        m - +0 troll leather armour {Pargi}
rPois   .            f - +2 helmet of Resilience {Contam Slay+3 Stlth+}
rElec   .            v - +0 cloak of Yshreuce {Int+3}
rCorr   .            d - +2 pair of gloves {Stlth+}
SInv    +            s - +2 pair of boots {Fly}
Will    ++...        P - amulet of Rarugah {Reflect Will+ Str+3 Dex-4 SH+5}
Stlth   ++++         t - ring of see invisible
HPRegen 1.24/turn    C - ring "Teiror" {*Slow rF+ rC+ Str+3 Int+6}
MPRegen 0.27/turn

%: slow self (1%), reflection
@: lethally poisoned (-2 -> -25), flying, slowed, very slow
A: high MP 1, forlorn, divine attributes, clumsy 1
}: 2/15 runes: decaying, serpentine
a: no special abilities


You were in a wizard's laboratory.
You visited 6 branches of the dungeon, and saw 31 of its levels.
You also visited: Sewer, Gauntlet, Ice Cave and Wizlab.

You collected 4037 gold pieces.
You spent 2827 gold pieces at shops.

Inventory:

Hand Weapons
 c - a +4 lajatang of speed
 i - the +10 scimitar of the Brain (weapon) {flame, *Noise Int+7}
   (You found it on level 15 of the Dungeon)

   Int:       It affects your intelligence (+7).
   *Noise:    It may make noises in combat.
Armour
 a - a +2 helmet of intelligence
 d - a +2 pair of gloves of stealth (worn)
 f - the +2 helmet of Resilience (worn) {Contam Slay+3 Stlth+}
   (You found it in a Gauntlet)

   Slay:      It affects your accuracy & damage with ranged weapons and melee
   (+3).
   Contam:    It causes magical contamination when unequipped.
   Stlth:     It makes you more stealthy.
 m - a +0 troll leather armour (worn) {Pargi}
 s - a +2 pair of boots of flying (worn)
 v - the +0 cloak of Yshreuce (worn) {Int+3}
   (You found it in an ice cave)

   Int:       It affects your intelligence (+3).
 x - a +0 tower shield (worn)
Jewellery
 t - a ring of see invisible (left hand)
 A - a +6 ring of intelligence
 C - the ring "Teiror" (right hand) {*Slow rF+ rC+ Str+3 Int+6}
   (You found it on level 2 of the Orcish Mines)

   [ring of intelligence]

   Str:       It affects your strength (+3).
   Int:       It affects your intelligence (+6).
   rF:        It protects you from fire.
   rC:        It protects you from cold.
   *Slow:     It may slow you when you take damage.
 L - the amulet "Iqumim" {rF++ Regen+ Str-3 Dex+3 Slay+3}
   (You found it in an ice cave)

   [amulet of regeneration]

   Str:       It affects your strength (-3).
   Dex:       It affects your dexterity (+3).
   Slay:      It affects your accuracy & damage with ranged weapons and melee
   (+3).
   rF:        It greatly protects you from fire.
   Regen:     It increases your rate of health regeneration.
 N - the ring of Moicso {*Corrode rPois rC+ rN+ Dex+5}
   (You found it in an ice cave)

   [ring of protection from cold]

   Dex:       It affects your dexterity (+5).
   rC:        It protects you from cold.
   rPois:     It protects you from poison.
   rN:        It protects you from negative energy.
   *Corrode:  It may corrode you when you take damage.
 P - the amulet of Rarugah (around neck) {Reflect Will+ Str+3 Dex-4 SH+5}
   (You bought it in a shop on level 10 of the Dungeon)

   [amulet of reflection]

   It reflects blocked missile attacks.
   Str:       It affects your strength (+3).
   Dex:       It affects your dexterity (-4).
   SH:        It affects your SH (+5).
   Will:      It increases your willpower.
 W - an amulet of magic regeneration
 Z - a ring of magical power
Wands
 K - a wand of acid (1)
 Q - a wand of roots (19)
 S - a wand of mindburst (23)
 X - a wand of digging (14)
Scrolls
 j - 18 scrolls of teleportation
 n - 6 scrolls of magic mapping
 q - 14 scrolls of fear
 r - 7 scrolls of brand weapon
 u - 10 scrolls of poison
 E - 2 scrolls of enchant armour
 G - 5 scrolls of silence
 H - 5 scrolls of enchant weapon
 O - a scroll of butterflies
 R - 2 scrolls of fog
 U - 7 scrolls of blinking
Potions
 b - a potion of invisibility
 h - 4 potions of resistance
 k - 5 potions of mutation
 l - 6 potions of haste
 o - 2 potions of cancellation
 p - 6 potions of heal wounds
 w - 3 potions of curing
 z - a potion of ambrosia
 B - 6 potions of brilliance
 D - a potion of magic
 F - 5 potions of attraction
 J - 6 potions of berserk rage
 M - 10 potions of might
 V - 4 potions of flight
Miscellaneous
 y - a box of beasts
 T - a phial of floods
 Y - a condenser vane


   Skills:
 - Level 9.5 Fighting
 - Level 2.9(7.3) Polearms
 - Level 10.4(10.6) Staves
 - Level 4.7 Dodging
 - Level 5.0 Stealth
 - Level 12.4 Shields
 - Level 13.2 Spellcasting
 - Level 11.0 Conjurations
 - Level 6.3 Necromancy
 - Level 11.2 Translocations
 - Level 10.1 Transmutations
 + Level 13.3 Earth Magic


You had 3 spell levels left.
You knew the following spells:

 Your Spells              Type           Power      Damage    Failure   Level
a - Magic Dart            Conj           100%       1d8       1%          1
b - Searing Ray           Conj           100%       2d8       1%          2
c - Iskenderun's Mystic   Conj/Tloc      95%        2d18      1%          4
d - Statue Form           Tmut/Erth      64%        N/A       2%          6
e - Shatter               Erth           51%        3d39*     100%        9
f - Gell's Gravitas       Tloc           96%        N/A       1%          3
g - Manifold Assault      Tloc           96%        N/A       1%          4
h - Borgnjor's Vile Clut  Necr/Erth      45%        N/A       1%          5
i - Iron Shot             Conj/Erth      49%        9d9       2%          6

Your spell library contained the following spells:

 Spells                   Type           Power      Damage    Failure   Level
 Apportation              Tloc           100%       N/A       1%          1
 Foxfire                  Conj/Fire      100%       2x1d9     1%          1
 Sting                    Tmut/Pois      100%       1d8       1%          1
 Blink                    Tloc           100%       N/A       1%          2
 Cigotuvi's Dreadful Rot  Necr/Pois/Air  100%       N/A       1%          2
 Lesser Beckoning         Tloc           100%       N/A       1%          2
 Passwall                 Tmut/Erth      80%        N/A       1%          2
 Sublimation of Blood     Necr           75%        N/A       1%          2
 Dazzling Flash           Conj/Hex       100%       N/A       1%          3
 Hailstorm                Conj/Ice       71%        3d15      1%          3
 Spider Form              Tmut/Pois      69%        N/A       1%          3
 Teleport Other           Tloc           96%        N/A       1%          3
 Vampiric Draining        Necr           75%        2d11      1%          3
 Freeze                   Ice            100%       1d10      2%          1
 Slow                     Hex            100%       N/A       2%          1
 Summon Small Mammal      Summ           100%       N/A       2%          1
 Ensorcelled Hibernation  Hex/Ice        62%        N/A       3%          2
 Poisonous Vapours        Pois/Air       62%        N/A       3%          2
 Call Canine Familiar     Summ           31%        N/A       7%          3
 Confusing Touch          Hex            31%        N/A       7%          3
 Frozen Ramparts          Ice            62%        1d10      7%          3
 Ozocubu's Armour         Ice            31%        N/A       7%          3
 Summon Guardian Golem    Hex/Summ       31%        N/A       7%          3
 Animate Armour           Summ/Erth      100%       N/A       1%          4
 Animate Dead             Necr           75%        N/A       1%          4
 Dispel Undead            Necr           75%        3d25      1%          4
 Passage of Golubria      Tloc           96%        N/A       1%          4
 Petrify                  Tmut/Erth      97%        N/A       1%          4
 Irradiate                Conj/Tmut      46%        3d27      1%          5
 Fulminant Prism          Conj/Hex       35%        3d17      2%          4
 Anguish                  Hex/Necr       29%        N/A       6%          4
 Summon Forest            Summ/Tloc      35%        N/A       6%          5
 Alistair's Intoxication  Tmut/Pois      46%        N/A       8%          5
 Yara's Violent Unravell  Hex/Tmut       34%        3d14      8%          5
 Cause Fear               Hex            15%        N/A       22%         4
 Olgreb's Toxic Radiance  Pois           31%        N/A       22%         4
 Summon Ice Beast         Ice/Summ       31%        N/A       22%         4
 Death Channel            Necr           37%        N/A       26%         6
 Eringya's Noxious Bog    Tmut/Pois      34%        N/A       41%         6
 Metabolic Englaciation   Hex/Ice        15%        N/A       54%         5
 Silence                  Hex/Air        15%        N/A       54%         5
 Simulacrum               Ice/Necr       29%        N/A       67%         6
 Lehudib's Crystal Spear  Conj/Erth      49%        10d12     69%         8
 Storm Form               Tmut/Air       34%        N/A       94%         7
 Plasma Beam              Fire/Air       15%        2x1d29    98%         6
 Enfeeble                 Hex            15%        N/A       100%        7
 Summon Hydra             Summ           15%        N/A       100%        7


Dungeon Overview and Level Annotations

Branches:
Dungeon (15/15)            Temple (0/1) D:5            Lair (5/5) D:11
  Swamp (4/4) Lair:3        Snake (4/4) Lair:3        Slime (0/5) Lair:5
    Orc (2/2) D:11            Elf (1/3) Orc:2        Vaults (0/5) D:13
 Depths (0/4) D:15          Sewer (visited)           IceCv (visited)
 WizLab (1/1)             Gauntlet (visited)

Shops:
D:10 *   D:14 (   Orc:2 **![   Snake:2 :   Snake:3 :

Portals:
Abyss: Lair:2

Annotations:
D:6 exclusion: statue
Lair:2 jtron's ghost, journeyman DsBe


Innate Abilities, Weirdness & Mutations

You have an increased reservoir of magic. (+10% MP)
You shall have no god before yourself.
Your divine heritage dramatically boosts your attributes as you level up.
You are clumsy. (Dex -2)


Message History

The foul vapour engulfs you!
You are more poisoned.
A death drake comes into view.
Your magical contamination has completely faded away.
You take 13 damage, and have 91/146 hp.
You now have 5/40 mp.
Casting: Iskenderun's Mystic Blast (safe; 1% risk of failure)
Confirm with . or Enter, or press ? or * to list all spells.
You erupt in a blast of force!
The mystic blast hits the death drake!!
You kill the death drake!
The mystic blast hits the death drake.
The death drake is lightly wounded.
The death drake is knocked back by the mystic blast.
You are engulfed in dark miasma.
You are more poisoned.
You feel extremely sick.
An air elemental comes into view.
You take 32 damage, and have 59/146 hp.
MASSIVE DAMAGE!!
You now have 1/40 mp.
You slash the death drake! You burn the death drake!
The death drake is heavily wounded.
You are engulfed in dark miasma.
You are more poisoned.
* * * LOW HITPOINT WARNING * * *
x2 You feel extremely sick.
The death drake bites you.
* * * LOW HITPOINT WARNING * * *
You block the apocalypse crab's attack. The apocalypse crab barely misses you.
The death drake bites you but does no damage.
You take 43 damage, and have 16/146 hp.
MASSIVE DAMAGE!!
Okay, then.
Okay, then.
Okay, then.
Okay, then.
You feel much better.
You are engulfed in dark miasma.
You are lethally poisoned!
You feel as though you will be slow longer.
* * * LOW HITPOINT WARNING * * *
x2 You feel extremely sick.
You block the death drake's attack. You block the apocalypse crab's attack.
The apocalypse crab claws you!
You die...

#≈#. ...§...§§
###. .....§.
##.. .... ##..
##+## ####...
##†..##
##.....##.....##
#.....†#.......#
§.....#tk∩.∩.∩.+
#§.....#@......#
§.§.§§###.....##
#..§§k§ ##...##
§§§k§§# ##+##
#§§§.§§ §§.t..#
§§.E###


You could see a death drake and an apocalypse crab.

Vanquished Creatures
  Vashnia (Snake:2)
  Jorgrun (Lair:3)
  Rupert (Snake:1)
  Agnes (D:15)
  Frances (Swamp:1)
  A rockslime (IceCv)
  A fenstrider witch (Swamp:4)
  4 thorn hunters
  Donald (Snake:1)
  Roxanne (D:14)
  The ghost of Jingleheimer the Coward, a journeyman MeFi of Okawaru (Swamp:4)
  3 azure jellies (IceCv)
  3 nagarajas (Snake:4)
  Aizul (Snake:2)
  A stone giant (Orc:1)
  5 quicksilver oozes (IceCv)
  A dire elephant (Gauntlet)
  6 eleionomae
  2 spark wasps (WizLab)
  Azrael (D:12)
  Snorg (D:11)
  7 bunyips
  A minotaur (Gauntlet)
  Josephine (D:11)
  A shambling mangrove (Swamp:4)
  8 vault guards
  22 hydras
  5 salamander tyrants (Snake:4)
  A catoblepas (D:14)
  A ghost crab (Swamp:3)
  2 ogre magi (Orc:2)
  5 boulder beetles
  4 centaur warriors
  The ghost of minhee2137 the Basher, a novice MiBe of Trog (Orc:2)
  10 two-headed ogres
  8 alligators
  15 anacondas
  3 death yaks (Lair:4)
  13 naga warriors
  19 naga sharpshooters
  A shock serpent (shapeshifter) (Lair:2)
  9 shock serpents
  A vampire mage (D:15)
  2 spriggan berserkers (Swamp:4)
  7 salamander mystics
  2 skysharks
  Lodul (D:12)
  5 goliath frogs
  A sixfirhy (Gauntlet)
  2 skeletal warriors (D:15)
  18 bog bodies
  6 death drakes
  6 naga ritualists
  13 swamp dragons
  A wizard (D:15)
  2 deep trolls (Orc:2)
  4 spriggan druids
  2 deep elf pyromancers (Elf:1)
  A necromancer (D:15)
  2 orange crystal statues (IceCv)
  10 mana vipers
  An oklob plant (Orc:1)
  A frost giant zombie (D:15)
  A worldbinder (Lair:2)
  37 ugly things
  2 orc sorcerers
  3 manticores
  3 cyclopes
  22 salamanders
  A frost giant skeleton (D:15)
  A centaur zombie (Gauntlet)
  2 will-o-the-wisps (Swamp:4)
  A moth of wrath (shapeshifter) (D:14)
  6 elephants
  6 guardian serpents
  36 black mambas
  A black mamba (shapeshifter) (D:15)
  A rust devil (Lair:2)
  A guardian serpent (shapeshifter) (Lair:2)
  14 naga magi
  5 orange demons (D:15)
  6 cane toads
  2 gargoyles
  2 rime drakes
  3 kobold demonologists (D:13)
  Maggie (D:6)
  4 freezing wraiths
  7 komodo dragons
  A spriggan skeleton (D:15)
  4 red devils (D:15)
  6 meliai
  2 wind drakes (WizLab)
  2 bloated husks
  8 polar bears
  14 trolls
  Prince Ribbit (Lair:1)
  24 hornets
  A spriggan zombie (D:15)
  10 tyrant leeches
  12 blink frogs
  5 dream sheep
  4 centaur simulacra (Gauntlet)
  4 air elementals (WizLab)
  A culicivora (shapeshifter) (Lair:2)
  7 wraiths
  23 slime creatures
  5 wyverns
  67 yaks
  29 spriggans
  6 fire elementals
  5 basilisks
  A golden eye (shapeshifter) (Elf:1)
  2 vampires
  Grum (Lair:1)
  11 vampire mosquitoes
  4 neqoxecs
  41 nagas
  12 swamp worms
  4 acid dragons
  A warg (Orc:2)
  Duvessa (D:6)
  15 water moccasins
  A spectral hornet (Gauntlet)
  12 orc warriors
  2 hell hounds (D:12)
  An ice beast (D:7)
  2 sky beasts (D:7)
  Pargi (Sewer)
  4 black bears
  11 swamp drakes
  A meliai simulacrum (D:14)
  3 great orb of eyes simulacra (IceCv)
  23 wolves
  The ghost of turdburglar the Conjurer, an amateur DrCj (D:4)
  30 ogres
  4 boggarts (Lair:5)
  6 centaurs
  2 slime creature simulacra (IceCv)
  8 kobold brigands
  A gnoll sergeant (D:11)
  15 bullfrogs
  2 scorpions
  5 glowing shapeshifter simulacra (IceCv)
  6 wights
  Dowan (D:6)
  8 killer bees
  A troll skeleton (Swamp:3)
  8 electric eels
  11 howler monkeys
  A lava snake (D:10)
  3 quasits (Orc:2)
  A wyvern simulacrum (Gauntlet)
  3 jellies
  11 orc priests
  3 sleepcaps
  3 hounds
  A gnoll bouda (D:10)
  Jessica (D:3)
  4 iguanas (D:5)
  Crazy Yiuf (D:6)
  19 orc wizards
  A hell rat (Lair:5)
  Robin (D:3)
  9 gnolls
  4 adders
  A river rat (D:3)
  2 shadow imps
  3 ufetubi (Gauntlet)
  2 worms
  A dart slug (D:2)
  66 orcs
  12 ball pythons
  4 bats
  10 endoplasms
  3 giant cockroaches
  12 hobgoblins
  6 jackals (D:1)
  12 kobolds
  4 quokkas
  5 frilled lizards
  11 goblins
  3 rats
1158 creatures vanquished.

Vanquished Creatures (others)
  A hydra (Swamp:4)
  A naga sharpshooter (Snake:3)
  2 bloated husks
  26 foxfires (Swamp:4)
30 creatures vanquished.

Grand Total: 1188 creatures vanquished

Notes
Turn   | Place    | Note
-------+----------+-------------------------------------------
     0 | D:1      | spardeous the Demigod Conjurer began the quest for the Orb.
     0 | D:1      | Reached XP level 1. HP: 14/14 MP: 5/5
   345 | D:1      | Reached XP level 2. HP: 20/20 MP: 3/7
  1150 | D:2      | Reached XP level 3. HP: 26/26 MP: 3/9
  1216 | D:2      | Learned a level 2 spell: Searing Ray
  2074 | D:2      | Reached XP level 4. HP: 33/33 MP: 7/11
  2297 | D:3      | Reached XP level 5. HP: 26/38 MP: 5/13
  2300 | D:3      | Reached skill level 5 in Conjurations
  2520 | D:3      | Noticed Jessica
  2534 | D:3      | Killed Jessica
  2726 | D:3      | Noticed a water moccasin
  2735 | D:3      | Killed a water moccasin
  2736 | D:3      | Reached XP level 6. HP: 32/45 MP: 5/15
  2872 | D:3      | Found a glowing drain.
  2888 | Sewer    | Entered a sewer
  2966 | Sewer    | Noticed Pargi
  2975 | Sewer    | Killed Pargi
  2993 | Sewer    | Learned a level 4 spell: Iskenderun's Mystic Blast
  3306 | D:3      | Noticed Robin
  3311 | D:3      | Killed Robin
  3710 | D:4      | Found a runed translucent gate.
  3711 | D:4      | Found a runed translucent gate.
  3711 | D:4      | Identified the +5 short sword of the Coin {heavy, Fly Will+
                  | Int+3}
  3711 | D:4      | Identified the +0 chain mail "Uxa Wuate" {rElec Int+3}
  3712 | D:4      | Noticed turdburglar's ghost (amateur DrCj)
  3722 | D:4      | Found a runed translucent gate.
  4292 | D:5      | Entered Level 5 of the Dungeon
  4374 | D:5      | Reached XP level 7. HP: 50/50 MP: 7/17
  4498 | D:5      | Reached skill level 5 in Spellcasting
  4635 | D:5      | Identified the +0 ring mail "Qiano Zuo" {rN++}
  5182 | D:5      | Found a staircase to the Ecumenical Temple.
  5375 | D:6      | Noticed Dowan
  5377 | D:6      | Noticed Duvessa
  5396 | D:6      | Killed Dowan
  5398 | D:6      | Killed Duvessa
  5566 | D:6      | Noticed Maggie
  5579 | D:6      | Killed Maggie
  5580 | D:6      | Reached XP level 8. HP: 26/57 MP: 6/21
  6505 | D:6      | Found a runed translucent door.
  6506 | D:6      | Noticed Crazy Yiuf
  7053 | D:7      | Reached skill level 1 in Translocations
  7773 | D:7      | Reached XP level 9. HP: 61/62 MP: 16/24
  8447 | D:4      | Killed turdburglar's ghost
  8739 | D:6      | Killed Crazy Yiuf
  9870 | D:9      | Noticed a two-headed ogre
  9881 | D:9      | Killed a two-headed ogre
  9882 | D:9      | Reached skill level 5 in Translocations
  9882 | D:9      | Reached XP level 10. HP: 69/69 MP: 6/26
 10226 | D:9      | Reached skill level 10 in Conjurations
 11017 | D:10     | Entered Level 10 of the Dungeon
 11198 | D:10     | Found Mueseolo's General Store.
 11893 | D:10     | Reached XP level 11. HP: 74/74 MP: 12/29
 12390 | D:11     | Found a staircase to the Orcish Mines.
 12407 | D:11     | Found a staircase to the Lair.
 12418 | D:11     | Reached skill level 1 in Fighting
 12740 | D:11     | Reached skill level 10 in Spellcasting
 12979 | D:11     | Noticed Josephine
 12992 | D:11     | Killed Josephine
 13347 | D:11     | Got the Compilation of Chthonic Frost
 13676 | D:12     | Noticed Lodul
 13676 | D:12     | Noticed a two-headed ogre
 13680 | D:12     | Killed Lodul
 13683 | D:12     | Killed a two-headed ogre
 13855 | D:12     | Learned a level 1 spell: Sting
 13865 | D:12     | Learned a level 9 spell: Shatter
 14098 | D:12     | Reached skill level 1 in Transmutations
 14098 | D:12     | Reached skill level 1 in Earth Magic
 14475 | D:12     | Reached XP level 12. HP: 85/93 MP: 22/31
 14624 | D:12     | Noticed Azrael
 14636 | D:12     | Killed Azrael
 15311 | D:13     | Noticed a vault guard
 15312 | D:13     | Noticed a vault guard
 15395 | D:13     | Killed a vault guard
 15397 | D:13     | Noticed a vault guard
 15626 | D:12     | Killed a vault guard
 15867 | D:13     | Noticed a vault guard
 15876 | D:13     | Killed a vault guard
 15879 | D:13     | Noticed a vault guard
 16142 | D:13     | Killed a vault guard
 16143 | D:13     | Reached skill level 10 in Translocations
 16149 | D:13     | Killed a vault guard
 16335 | D:13     | Found a gate to the Vaults.
 16359 | D:13     | Noticed a vault guard
 16370 | D:13     | Killed a vault guard
 16495 | D:13     | Reached skill level 5 in Earth Magic
 16497 | D:13     | Reached skill level 5 in Transmutations
 16806 | D:13     | Identified the ring "Yhodot" {Fly Stlth+}
 16808 | D:13     | Noticed a centaur warrior
 16816 | D:13     | Killed a centaur warrior
 17029 | D:13     | Identified the +1 scimitar of Fragile Peace {freeze, Int+4}
 17029 | D:13     | Noticed a vault guard
 17050 | D:13     | Killed a vault guard
 17071 | D:13     | Noticed a vault guard
 17087 | D:13     | Killed a vault guard
 17483 | Lair:1   | Entered Level 1 of the Lair of Beasts
 17487 | Lair:1   | Noticed Prince Ribbit
 17510 | Lair:1   | Killed Prince Ribbit
 18248 | Lair:1   | Noticed Grum
 18255 | Lair:1   | Killed Grum
 18608 | Lair:2   | Reached XP level 13. HP: 99/99 MP: 25/32
 19266 | Lair:2   | Found a transporter.
 19269 | Lair:2   | Found a transporter.
 19696 | Lair:2   | Noticed jtron's ghost (journeyman DsBe)
 20154 | Lair:3   | Found a staircase to the Snake Pit.
 20637 | Lair:3   | Found a staircase to the Swamp.
 22940 | Lair:5   | Entered Level 5 of the Lair of Beasts
 23198 | Lair:5   | Found a staircase to the Slime Pits.
 23646 | Lair:5   | Reached skill level 5 in Fighting
 24162 | Lair:5   | Reached XP level 14. HP: 103/110 MP: 20/33
 25031 | Lair:5   | Reached skill level 1 in Shields
 25211 | Lair:5   | Identified the +5 shortbow "Beetleslayer" {freeze, *Slow
                  | Str+2 Int+4}
 25678 | Lair:2   | Found a one-way gate to the infinite horrors of the Abyss.
 25955 | Orc:1    | Entered Level 1 of the Orcish Mines
 25977 | Orc:1    | Noticed Snorg
 26007 | D:11     | Killed Snorg
 26369 | Orc:2    | Entered Level 2 of the Orcish Mines
 26433 | Orc:2    | Reached skill level 5 in Shields
 26433 | Orc:2    | Noticed an orc warlord
 26738 | D:14     | Found a gate leading to a gauntlet.
 26897 | Gauntlet | Entered a Gauntlet
 26897 | Gauntlet | Found a transporter.
 26983 | Gauntlet | Found a transporter.
 26984 | Gauntlet | Found a transporter.
 26994 | Gauntlet | Found a transporter.
 26995 | Gauntlet | Found a transporter.
 27002 | Gauntlet | Found a runed translucent door.
 27005 | Gauntlet | Found a transporter.
 27008 | Gauntlet | Found a transporter.
 27016 | Gauntlet | Found a transporter.
 27020 | Gauntlet | Found a transporter.
 27028 | Gauntlet | Found a transporter.
 27059 | Gauntlet | Found a transporter.
 27071 | Gauntlet | Found a transporter.
 27084 | Gauntlet | Found a transporter.
 27097 | Gauntlet | Found a transporter.
 27333 | Gauntlet | Identified the +2 helmet of Resilience {Contam Slay+3
                  | Stlth+}
 27662 | Gauntlet | Identified the +2 leather armour "Kamoh" {Str-2 Dex+3
                  | Stlth+}
 27817 | D:14     | Identified Roxanne's Book of Shapeshifting
 27817 | D:14     | Noticed Roxanne
 28948 | D:14     | Found Faoney's Weapon Shoppe.
 29464 | D:14     | Killed Roxanne
 29484 | D:14     | Learned a level 6 spell: Statue Form
 29657 | D:10     | Bought a scroll of teleportation for 36 gold pieces
 29888 | Orc:2    | Reached skill level 10 in Shields
 29890 | Orc:2    | Reached XP level 15. HP: 101/118 MP: 24/34
 30741 | Orc:2    | Found a staircase to the Elven Halls.
 30757 | Orc:2    | Learned a level 4 spell: Anguish
 30869 | Orc:2    | Noticed minhee2137's ghost (novice MiBe)
 30878 | Orc:2    | Found a transporter.
 30898 | Orc:2    | Found a transporter.
 31020 | Orc:2    | Found Litedopt's Armour Emporium.
 31025 | Orc:2    | Found Sacwiove's Distillery.
 31030 | Orc:2    | Found Lied Isa's General Store.
 31039 | Orc:2    | Bought a potion of invisibility for 104 gold pieces
 31039 | Orc:2    | Bought a potion of haste for 130 gold pieces
 31039 | Orc:2    | Bought a potion of brilliance for 52 gold pieces
 31039 | Orc:2    | Bought a potion of degeneration for 13 gold pieces
 31039 | Orc:2    | Bought a potion of mutation for 104 gold pieces
 31041 | Orc:2    | Found Vuus's General Store.
 31045 | Orc:2    | Bought a scroll of magic mapping for 120 gold pieces
 31045 | Orc:2    | Bought a potion of heal wounds for 80 gold pieces
 31045 | Orc:2    | Bought a scroll of fear for 64 gold pieces
 31045 | Orc:2    | Bought a +1 pair of boots of flying for 264 gold pieces
 31055 | Orc:2    | Bought a scroll of identify for 30 gold pieces
 31515 | Orc:1    | Reached skill level 1 in Necromancy
 31691 | Orc:2    | Gained mutation: You are clumsy. (Dex -2) [a neqoxec]
 31699 | Orc:2    | Killed minhee2137's ghost
 31700 | Orc:2    | Reached skill level 10 in Transmutations
 31702 | Orc:2    | Got the ring "Teiror" {*Slow rF+ rC+ Str+3 Int+6}
 31897 | D:10     | Bought the amulet of Rarugah {Reflect Will+ Str+3 Dex-4
                  | SH+5} for 486 gold pieces
 32056 | D:15     | Entered Level 15 of the Dungeon
 32438 | D:15     | Noticed Agnes
 32561 | D:15     | Killed Agnes
 33250 | D:15     | Found a staircase to the Depths.
 33598 | D:15     | Reached skill level 5 in Necromancy
 34046 | D:15     | Identified the +10 scimitar of the Brain {flame, *Noise
                  | Int+7}
 34345 | Swamp:1  | Entered Level 1 of the Swamp
 34345 | Swamp:1  | Noticed Jorgrun
 34405 | Lair:3   | Killed Jorgrun
 35374 | Swamp:1  | Noticed Frances
 35406 | Swamp:1  | Killed Frances
 35682 | Swamp:2  | Noticed a thorn hunter
 35691 | Swamp:2  | Killed a thorn hunter
 35896 | Swamp:2  | Noticed a thorn hunter
 35904 | Swamp:1  | Reached XP level 16. HP: 93/132 MP: 22/35
 36617 | Snake:1  | Entered Level 1 of the Snake Pit
 37198 | Snake:1  | Noticed Rupert
 37331 | Snake:1  | Noticed Donald
 37365 | Snake:1  | Killed Donald
 37366 | Snake:1  | Reached skill level 1 in Staves
 37864 | Snake:1  | Killed Rupert
 38924 | Snake:2  | Reached skill level 5 in Staves
 39039 | Snake:1  | Learned a level 3 spell: Gell's Gravitas
 39506 | Snake:2  | Found Qettutud's Book Shop.
 39538 | Snake:2  | Noticed Aizul
 39548 | Snake:2  | Killed Aizul
 40281 | Snake:2  | Noticed Vashnia
 41006 | Snake:2  | Killed Vashnia
 41376 | Snake:2  | Identified the +8 long sword of Checks and Balances
                  | {freeze, Drain rElec rC++}
 43126 | Snake:3  | Learned a level 4 spell: Manifold Assault
 43849 | Snake:3  | Reached skill level 5 in Stealth
 43917 | Snake:3  | Reached XP level 17. HP: 138/138 MP: 1/38
 44104 | Snake:3  | Found Enewishro's Book Shop.
 44110 | Snake:3  | Bought a book of Unlife for 576 gold pieces
 44110 | Snake:3  | Bought the Codex of Telluric Oxidation for 768 gold pieces
 44461 | Snake:3  | Learned a level 5 spell: Borgnjor's Vile Clutch
 44462 | Snake:4  | Entered Level 4 of the Snake Pit
 44718 | Snake:4  | Found a frozen archway.
 44804 | IceCv    | Entered an ice cave
 45258 | IceCv    | Learned a level 6 spell: Iron Shot
 45637 | IceCv    | Identified the amulet "Iqumim" {rF++ Regen+ Str-3 Dex+3
                  | Slay+3}
 46508 | IceCv    | Got the ring of Moicso {*Corrode rPois rC+ rN+ Dex+5}
 46514 | IceCv    | Identified the +0 cloak of Yshreuce {Int+3}
 46537 | IceCv    | Got the ring "Murresed" {Ice rElec}
 46735 | Snake:4  | Reached skill level 1 in Polearms
 48640 | Snake:4  | Reached skill level 10 in Staves
 49466 | Snake:4  | Got a serpentine rune of Zot
 52505 | Swamp:3  | Reached skill level 10 in Earth Magic
 52717 | Swamp:4  | Entered Level 4 of the Swamp
 52717 | Swamp:4  | Found a runed translucent gate.
 52717 | Swamp:4  | Found a runed translucent gate.
 52717 | Swamp:4  | Found a runed translucent gate.
 52719 | Swamp:4  | Noticed Jingleheimer's ghost (journeyman MeFi)
 52737 | Swamp:4  | Reached XP level 18. HP: 146/146 MP: 25/40
 54948 | Swamp:4  | Got a decaying rune of Zot
 55907 | Swamp:4  | Killed Jingleheimer's ghost
 55988 | Swamp:4  | Identified the +0 broad axe "Ysown" {vamp, rC- Will+ Dex+3
                  | SInv}
 56204 | Elf:1    | Entered Level 1 of the Elven Halls
 56340 | Elf:1    | Found a magical portal.
 56351 | WizLab   | Entered The Chambers of the Cloud Mage
 56363 | WizLab   | Paralysed by an air elemental for 1 turns
 56533 | WizLab   | Slain by an apocalypse crab

Illustrated notes

Levels and vault maps discovered:
D:1:      heliophobic_arrival_ceremonial_halls, layout_loops_cross,
          minmay_stone_trees_small
D:2:      layout_loops_ring
D:3:      minmay_wonky_spiral, layout_rooms, nemelex_xobeh_ov_fountains_minmay,
          portal_sewer_entry_b, nicolae_titane, uniq_jessica, uniq_robin
D:4:      layout_basic, nicolae_overflow_hidden_temple,
          ashenzari_conservatory_becter, biasface_ghost_orc_armoury
D:5:      layout_basic, mainiacjoe_overflow_paths,
          minmay_temple_entry_gardened_gates
D:6:      layout_loops_ring, vehumet_statue, kennysheep_decorative_pillar,
          minmay_misc_feat_rugged, moated_statue, minivault_10,
          uniq_crazy_yiuf_cottage, uniq_maggie, uniq_duvessa
D:7:      layout_layer_cave, item_on_display_a
D:8:      layout_loops_ring, mainiacjoe_overflow_boulevard
D:9:      layout_rooms, serial_curves, eino_curves_04, eino_curves_02,
          minmay_misc_feat_square
D:10:     layout_roguey, serial_shops, nicolae_shop_trees,
          kennysheep_opposing_triangles
D:11:     layout_grid_maze, david_lair_generic, orc_0_dummy, slow_altar_1,
          uniq_josephine
D:12:     layout_roguey, chequers_serial_rivers_micro_e, uniq_lodul, uniq_azrael
D:13:     layout_basic, erik_vaults_2
D:14:     layout_cave_pods, gauntlet_entry_generic, chequers_avenue,
          serial_shops, shop, uniq_roxanne
D:15:     gammafunk_depths_entry_grave, layout_gridville, st_stairs_5,
          minmay_beelzebubs_servants, uniq_agnes
Lair:1:   layout_misc_corridors, grunt_megastairs_4, uniq_prince_ribbit2,
          uniq_grum
Lair:2:   layout_cave_pods, gammafunk_ghost_abyssal_escape
Lair:3:   layout_regular_city, minmay_swamp_entry_eels,
          minmay_snake_entry_six_corridors, basic_altar, st_stairs_6,
          lemuel_fruit_tree
Lair:4:   layout_layer_cave, minivault_11, serial_bayou_ford_a
Lair:5:   minmay_lair_end_enchanted_forest, layout_concentric_octagons,
          slime_entry_1, serial_bayou_shore_a, grunt_megastairs_5
Swamp:1:  nicolae_swamp_tree_isthmus, layout_basic_swamp,
          evilmike_swamp_ruin_house_6, uniq_frances, uniq_jorgrun
Swamp:2:  layout_falls_marsh, evilmike_swamp_ruin_wall
Swamp:3:  layout_basic_swamp, evilmike_swamp_ruin_house_5,
          cheibrodos_swamp_minitomb
Swamp:4:  swamp_basic_johnstein, layout_basic_swamp, gammafunk_ghost_hydra_chop,
          grunt_ruined_hall, infiniplex_staircase_pool_2
Snake:1:  layout_layer_cave, serial_bayou_shore_b, uniq_rupert, uniq_donald
Snake:2:  layout_onion_interference, serial_shops, shop_fountains,
          nicolae_snake_serpentine_hallways, uniq_aizul, uniq_vashnia
Snake:3:  hangedman_cross_veins, layout_misc_corridors, serial_shops,
          nicolae_lakefront_shop, nicolae_snake_gridmaze_tees
Snake:4:  grunt_snake_rune_pools, layout_basic,
          portal_ice_cave_entry_frozen_things
Orc:1:    layout_diamond_mine, mines3_lemuel, uniq_snorg
Orc:2:    st_orc_open, layout_caves, gammafunk_ghost_stat_death
Elf:1:    layout_geoelf_diagonals, infiniplex_enter_wizlab_spiral, basic_altar,
          serial_shops, nicolae_shop_competitors_out_of_business, orc_legates
WizLab:   wizlab_cloud

Skill      XL: |  1  2  3  4  5  6  7  8  9 10 11 12 13 14 15 16 17 18 |
---------------+-------------------------------------------------------+-----
Spellcasting   | 2 3 4 6 7 8 9 10 11 13 | 13.2
Conjurations   | 4 5 6 7 8 9 11 | 11.0
Translocations | 2 5 7 9 10 11 | 11.2
Fighting       | 4 6 7 9 |  9.5
Transmutations | 2 6 9 10 | 10.1
Earth Magic    | 2 6 9 10 13 | 13.3
Shields        | 10 11 12 | 12.4
Necromancy     | 6 |  6.3
Dodging        | 4 |  4.7
Staves         | 7 10 | 10.4
Stealth        | 5 |  5.0
Polearms       | 2 |  2.9

Action                     |  1- 3 |  4- 6 |  7- 9 | 10-12 | 13-15 | 16-18 || total
---------------------------+-------+-------+-------+-------+-------+-------++-------
  Melee: Unarmed           |    45 |    19 |       |       |       |       ||    64
         Broad axe         |       |       |     5 |       |       |       ||     5
         Short sword       |       |       |       |    29 |    29 |       ||    58
         Punch             |       |       |       |       |     1 |       ||     1
         Scimitar          |       |       |       |       |     2 |   119 ||   121
   Cast: Magic Dart        |    96 |    87 |   119 |    48 |    19 |     1 ||   370
         Searing Ray       |     2 |    18 |    47 |    16 |     7 |     1 ||    91
         Iskenderun's Myst |       |       |     7 |   241 |   688 |   745 ||  1681
         Statue Form       |       |       |       |       |    36 |    98 ||   134
         Gell's Gravitas   |       |       |       |       |       |     7 ||     7
         Manifold Assault  |       |       |       |       |       |     1 ||     1
         Borgnjor's Vile C |       |       |       |       |       |    18 ||    18
         Iron Shot         |       |       |       |       |       |    17 ||    17
Ability: End Transformatio |       |       |       |       |     1 |     1 ||     2
  Evoke: Wand              |       |       |       |       |     7 |     2 ||     9
    Use: Scroll            |       |       |     8 |     2 |    13 |    12 ||    35
         Potion            |       |       |       |     3 |     4 |     4 ||    11
   Stab: Sleeping          |       |       |       |       |       |     1 ||     1
 Armour: Robe              |    16 |    10 |       |       |       |       ||    26
         Troll leather arm |       |     2 |    24 |    30 |    57 |    22 ||   135
         Leather armour    |       |     1 |       |       |       |       ||     1
         Skin              |       |       |       |       |   173 |   559 ||   732
  Dodge: Dodged            |    64 |    89 |    75 |   187 |   208 |   333 ||   956
  Block: Buckler           |       |       |       |       |   126 |     8 ||   134
         Reflection        |       |       |       |       |     6 |   116 ||   122
         Kite shield       |       |       |       |       |       |   324 ||   324
         Tower shield      |       |       |       |       |       |   433 ||   433
